 Dungeon Crawl Stone Soup version 0.25-a0-246-g58704a1 (webtiles) character file.

Game seed: 10455414276804852281, levelgen mode: deterministic

34494 Atlas the Nimble (level 13, -2/125 HPs)
             Began as a White Draconian Transmuter on Dec 4, 2019.
             Was a High Priest of Wu Jian.
             Killed from afar by Roxanne (50 damage)
             ... with a crystal spear
             ... on level 14 of the Dungeon.
             The game lasted 00:43:31 (21042 turns).

Atlas the Nimble (White Draconian Transmuter)      Turns: 21042, Time: 00:43:32

Health: -2/125     AC: 12    Str: 15    XL:     13   Next: 42%
Magic:  24/25      EV: 25    Int: 14    God:    Wu Jian [*****.]
Gold:   761        SH:  3    Dex: 14    Spells: 7/29 levels left

rFire    . . .     SeeInvis .     - Unarmed
rCold    + . .     Gourm    .   (no shield)
rNeg     . . .     Faith    .   (armour unavailable)
rPois    .         Spirit   .   (helmet restricted)
rElec    .         Reflect  +   n - +1 cloak
rCorr    .         Harm     .   l - +0 pair of gloves
MR       +....                  d - +0 pair of boots
Stlth    +.........             M - +3 amulet of reflection
HPRegen  0.30/turn              f - +5 ring of evasion
MPRegen  0.19/turn              B - ring of protection from magic

@: no status effects
A: breathe frost, unfitting armour, hooves 1, cold resistance 1, robust 1,
evolution 1, cold-blooded, AC +8
a: Breathe Frost, Wall Jump, Serpent's Lash, Heavenly Storm, Renounce Religion


You were on level 14 of the Dungeon.
You worshipped Wu Jian.
Wu Jian was extremely pleased with you.
You were not hungry.

You visited 2 branches of the dungeon, and saw 15 of its levels.

You collected 761 gold pieces.

Inventory:

Missiles
 a - 449 arrows
Armour
 d - a +0 pair of boots (worn)
 l - a +0 pair of gloves (worn)
 n - a +1 cloak (worn)
Jewellery
 f - a +5 ring of evasion (left hand)
 u - a +1 ring of protection
 w - an uncursed ring of see invisible
 B - a ring of protection from magic (right hand)
 G - an uncursed ring of flight
 M - a +3 amulet of reflection (around neck)
 S - a +2 ring of intelligence
Wands
 g - a wand of iceblast (7)
 y - a wand of disintegration (10)
 A - a wand of paralysis (3)
 C - a wand of flame (23)
Scrolls
 e - 6 scrolls of remove curse
 i - a scroll of magic mapping
 j - 2 scrolls of random uselessness {unknown}
 m - 2 scrolls of enchant weapon
 o - 3 scrolls of fog
 p - a scroll of blinking
 q - 3 scrolls of amnesia {unknown}
 s - 6 scrolls of teleportation
 v - 2 scrolls of enchant armour {unknown}
 x - 2 scrolls of fear {unknown}
 z - a scroll of noise {unknown}
 E - a scroll of immolation
 H - a scroll of summoning
 K - a scroll of silence
 T - a scroll of acquirement {unknown}
Potions
 b - a potion of berserk rage
 h - 3 potions of flight
 k - a potion of might
 r - a potion of degeneration
 t - 2 potions of brilliance
 D - 3 potions of curing
 F - 2 potions of haste
 I - 3 potions of mutation
 J - a potion of cancellation {unknown}
 L - a potion of magic
 Q - a potion of agility {unknown}
 R - 2 potions of invisibility
Miscellaneous
 O - a crystal ball of energy
Comestibles
 c - 21 rations
 N - 7 chunks of flesh


   Skills:
 + Level 10.4 Fighting
 + Level 12.0 Dodging
 + Level 11.5 Unarmed Combat
 - Level 8.6 Spellcasting
 - Level 9.3 Transmutations


You had 7 spell levels left.
You knew the following spells:

 Your Spells              Type           Power        Failure   Level  Hunger
a - Beastly Appendage     Tmut           ####..       1%          1    None
b - Sticks to Snakes      Tmut           ####....     1%          2    None
c - Spider Form           Tmut/Pois      ###.......   5%          3    ##.....
d - Blade Hands           Tmut           ####......   7%          5    #####..
e - Orb of Destruction    Conj           #.........   100%        7    #######
f - Ice Form              Ice/Tmut       ###.....     17%         4    ####...

Your spell library contained the following spells:

 Spells                   Type           Power        Failure   Level  Hunger
 Bolt of Magma            Conj/Fire/Erth #.........   98%         5    #####..
 Iskenderun's Battlesphe  Conj/Chrm      #.......     98%         5    #####..
 Iron Shot                Conj/Erth      #.........   100%        6    #######
 Spellforged Servitor     Conj/Summ      #.........   100%        7    #######


Dungeon Overview and Level Annotations

Branches:
Dungeon (14/15)            Temple (1/1) D:7            Lair (0/6) D:9
    Orc (0/2) D:11         Vaults (0/5) D:13

Altars:
Ashenzari
Cheibriados
Dithmenos
Elyvilon
Fedhas
Gozag
Hepliaklqana
Kikubaaqudgha
Makhleb
Nemelex Xobeh
Okawaru
Qazlal
Ru
Sif Muna
Trog
Uskayaw
Vehumet
Wu Jian
Xom
Yredelemnul
Zin
The Shining One

Annotations:
D:12 2 runed translucent doors
D:13 ALL SICK HEAL BEFORE GO UP
D:14 Roxanne


Innate Abilities, Weirdness & Mutations

You can breathe waves of freezing cold.
You can buffet flying creatures when you breathe cold.
Your icy white scales are hard. (AC +8)
You cannot fit into any form of body armour.
Your flesh is cold resistant. (rC+)
You are cold-blooded and may be slowed by cold attacks.
You have large cloven feet.
You are robust. (+10% HP)
You evolve.


Message History

You repeatedly attack Roxanne from above.
You hit Roxanne but do no damage. You slash Roxanne!
Roxanne is severely damaged.
You hit Roxanne.
Roxanne is severely damaged.
You slice Roxanne!!
Roxanne is almost destroyed.
Okay, then.
Aiming: Wall Jump
Press: ? - help, Dir - move target cursor You repeatedly attack Roxanne from above.
You hit Roxanne but do no damage. You slash Roxanne.
Roxanne is almost destroyed.
You hit Roxanne but do no damage.
Roxanne is almost destroyed.
Your hands revert to their normal proportions.
Your +0 pair of gloves unmelds from your body.
Roxanne casts a spell.
The crystal spear hits you!!!
You die...

.. ... #.## ##+########
...## # .......°@○# #..#
# .......°8°######'#### #
..........!.........# #
..)...+.+...........#####
?.....###..........÷##..'
...^. #[.........))[.##
..... #...........#####
..!. #.........).).# #
#### ##########'##.#


You could see Roxanne.

Vanquished Creatures
  Louise (D:14)
  Erolcha (D:12)
  3 hydras
  Harold (D:10)
  A death knight (D:14)
  A centaur warrior (D:14)
  2 two-headed ogres
  A skeletal warrior (D:14)
  A phantasmal warrior (D:14)
  3 ugly things
  A deep elf mage (D:12)
  2 cyclopes
  A rust devil (D:9)
  A gargoyle (D:10)
  2 komodo dragons
  A yaktaur (D:12)
  A freezing wraith (D:14)
  3 kobold demonologists
  5 trolls
  Grinder (D:3)
  Prince Ribbit (D:7)
  A meliai (shapeshifter) (D:12)
  2 hornets
  A queen bee (D:8)
  5 slime creatures (D:12)
  5 hippogriffs
  4 shadows
  Sigmund (D:2)
  A wraith (D:12)
  4 wyverns
  A vampire (D:12)
  6 water elementals (D:14)
  Grum (D:8)
  10 yaks
  A basilisk (D:12)
  A hungry ghost (D:12)
  5 steam dragons
  3 vampire mosquitoes (D:13)
  Menkaure (D:6)
  3 acid dragons
  2 soldier ants (D:12)
  A floating eye (shapeshifter) (D:13)
  A water moccasin (D:12)
  4 phantoms
  4 ice beasts
  3 sky beasts
  A black bear (D:8)
  9 orc warriors
  2 eyes of draining
  2 necrophages
  8 ogres
  2 wolves (D:8)
  17 centaurs
  A crocodile (shapeshifter) (D:12)
  4 crocodiles
  Blork the orc (D:6)
  2 big kobolds
  8 bullfrogs
  A gnoll sergeant (D:5)
  A wyvern skeleton (D:8)
  6 scorpions
  3 troll zombies (D:11)
  33 killer bees
  2 electric eels (D:14)
  6 wights
  3 howler monkeys
  9 crimson imps
  2 centaur zombies
  4 hounds
  5 jellies
  2 quasits
  3 bullfrog zombies
  Crazy Yiuf (D:2)
  9 orc priests
  14 orc wizards
  5 centaur skeletons
  2 iguanas
  Natasha (twice) (D:2)
  13 worker ants
  A killer bee zombie (D:8)
  5 ogre zombies (D:11)
  A hound skeleton (D:8)
  2 worker ant zombies
  8 gnolls
  11 adders
  3 shadow imps
  2 oozes
  An adder zombie (D:5)
  An adder skeleton (D:5)
  4 worms
  4 dart slugs
  4 leopard geckos
  60 orcs
  5 giant cockroaches
  10 goblins
  8 hobgoblins
  11 jackals
  2 quokkas (D:6)
  9 bats
  7 frilled lizards
  2 goblin skeletons (D:11)
  2 goblin zombies (D:11)
  3 hobgoblin zombies (D:11)
  14 kobolds
  2 orc skeletons (D:11)
  15 orc zombies (D:11)
  A quokka skeleton (D:9)
  9 rats
  A bush (D:12)
496 creatures vanquished.

Vanquished Creatures (collateral kills)
  A rust devil (D:9)
  A slime creature (D:12)
  A gnoll (D:5)
  An adder (D:10)
4 creatures vanquished.

Vanquished Creatures (others)
  A centaur (D:12)
  An adder skeleton (D:9)
  An orc (D:9)
  A kobold (D:10)
  A quokka (D:9)
  13 plants (D:14)
18 creatures vanquished.

Grand Total: 518 creatures vanquished

Notes
Turn   | Place    | Note
-------+----------+-------------------------------------------
     0 | D:1      | Atlas the Draconian Transmuter began the quest for the Orb.
     0 | D:1      | Reached XP level 1. HP: 16/16 MP: 3/3
   335 | D:1      | Reached skill level 2 in Dodging
   351 | D:1      | Reached XP level 2. HP: 23/23 MP: 3/5
   864 | D:2      | Found a stormy altar of Qazlal.
   866 | D:2      | Found a hide-covered altar of Uskayaw.
   868 | D:2      | Found a shadowy altar of Dithmenos.
   868 | D:2      | Found an opulent altar of Gozag.
   868 | D:2      | Found a glowing golden altar of the Shining One.
   871 | D:2      | Found an ancient bone altar of Kikubaaqudgha.
   871 | D:2      | Found a sacrificial altar of Ru.
   876 | D:2      | Noticed Sigmund
   893 | D:1      | Reached XP level 3. HP: 27/28 MP: 6/6
   897 | D:1      | Learned a level 2 spell: Sticks to Snakes
   901 | D:1      | Learned a level 3 spell: Spider Form
  1064 | D:2      | Found a runed translucent door.
  1065 | D:2      | Noticed Crazy Yiuf
  1300 | D:2      | Killed Sigmund
  1300 | D:2      | Reached skill level 3 in Dodging
  1300 | D:2      | Reached skill level 5 in Unarmed Combat
  1300 | D:2      | Reached XP level 4. HP: 24/35 MP: 2/7
  1300 | D:2      | Reached XP level 5. HP: 28/40 MP: 2/8
  1419 | D:2      | Noticed Natasha
  1428 | D:2      | Killed Natasha
  2091 | D:2      | Killed Crazy Yiuf
  2091 | D:2      | Reached XP level 6. HP: 24/47 MP: 6/9
  2265 | D:2      | Noticed Natasha
  2271 | D:2      | Killed Natasha
  2809 | D:3      | Noticed Grinder
  2827 | D:3      | Killed Grinder
  2827 | D:3      | Your scales start taking on an icy white colour.
  2827 | D:3      | Reached XP level 7. HP: 26/53 MP: 3/10
  2827 | D:3      | Gained mutation: Your flesh is cold resistant. (rC+) [White
                  | Draconian growth]
  3209 | D:3      | Found a glowing silver altar of Zin.
  3329 | D:4      | You fall into a shaft and drop 1 floor!
  3329 | D:5      | Entered Level 5 of the Dungeon
  3423 | D:4      | Found a white marble altar of Elyvilon.
  3500 | D:4      | Reached skill level 4 in Dodging
  4047 | D:4      | Reached XP level 8. HP: 29/61 MP: 7/11
  5242 | D:5      | Reached skill level 5 in Dodging
  5502 | D:6      | Found an iron altar of Okawaru.
  5522 | D:6      | Reached skill level 10 in Unarmed Combat
  5695 | D:6      | Noticed Menkaure
  6006 | D:6      | Reached XP level 9. HP: 69/69 MP: 9/12
  6105 | D:6      | Learned a level 5 spell: Blade Hands
  6139 | D:6      | Noticed Blork the orc
  6147 | D:6      | Killed Blork the orc
  6147 | D:6      | Reached skill level 6 in Dodging
  6321 | D:6      | Killed Menkaure
  6696 | D:6      | You fall into a shaft and drop 1 floor!
  6735 | D:7      | Reached skill level 7 in Dodging
  6736 | D:7      | Noticed Prince Ribbit
  6748 | D:7      | Killed Prince Ribbit
  7081 | D:7      | Reached skill level 8 in Dodging
  7116 | D:7      | Paralysed by a hornet for 2 turns
  7495 | D:7      | Found a staircase to the Ecumenical Temple.
  7515 | Temple   | Entered the Ecumenical Temple
  7588 | Temple   | Became a worshipper of the Wu Jian Council
  7866 | D:8      | Reached skill level 9 in Dodging
  8040 | D:8      | Noticed a two-headed ogre
  8074 | D:8      | Killed a two-headed ogre
  8074 | D:8      | Reached XP level 10. HP: 44/80 MP: 6/13
  8262 | D:8      | Noticed Grum
  8645 | D:8      | Reached skill level 10 in Dodging
  8928 | D:8      | Reached * piety under Wu Jian
  9893 | D:9      | Reached skill level 11 in Dodging
  9956 | D:9      | Found a shattered altar of Ashenzari.
  9997 | D:8      | Noticed a rust devil
  9997 | D:8      | Noticed a rust devil
 10000 | D:8      | Reached skill level 5 in Fighting
 10168 | D:8      | Reached ** piety under Wu Jian
 10346 | D:8      | Killed Grum
 10825 | D:9      | Found a shimmering blue altar of Sif Muna.
 11264 | D:9      | Reached XP level 11. HP: 89/89 MP: 10/14
 11505 | D:9      | Found a staircase to the Lair.
 12338 | D:10     | Entered Level 10 of the Dungeon
 12454 | D:10     | Noticed Harold
 12474 | D:10     | Killed Harold
 13501 | D:10     | Reached *** piety under Wu Jian
 13576 | D:10     | Found a runed translucent door.
 13654 | D:10     | Reached skill level 10 in Fighting
 14062 | D:9      | Gained mutation: You evolve. [potion of mutation]
 14062 | D:9      | Gained mutation: You are robust. (+10% HP) [potion of
                  | mutation]
 14062 | D:9      | Gained mutation: You have large cloven feet. [potion of
                  | mutation]
 14503 | D:11     | Noticed a seven-headed hydra
 15465 | D:11     | Killed a seven-headed hydra
 15480 | D:11     | Reached XP level 12. HP: 113/116 MP: 18/18
 15575 | D:11     | Reached skill level 5 in Transmutations
 15609 | D:11     | Reached **** piety under Wu Jian
 15672 | D:11     | Reached skill level 5 in Spellcasting
 15912 | D:11     | Found a staircase to the Orcish Mines.
 16322 | D:12     | Found a large runed translucent door.
 16322 | D:12     | Found a large runed translucent door.
 16325 | D:12     | Found a large runed translucent door.
 16325 | D:12     | Found a large runed translucent door.
 16929 | D:12     | Noticed a five-headed hydra
 16956 | D:12     | Killed a five-headed hydra
 17567 | D:12     | Noticed Erolcha
 17576 | D:12     | Killed Erolcha
 17880 | D:12     | Reached ***** piety under Wu Jian
 17953 | D:12     | Learned a level 7 spell: Orb of Destruction
 17958 | D:12     | Learned a level 4 spell: Ice Form
 17983 | D:12     | Noticed a two-headed ogre
 17986 | D:12     | Killed a two-headed ogre
 18684 | D:13     | Paralysed by a floating eye for 2 turns
 18730 | D:12     | Noticed a four-headed hydra
 18739 | D:12     | Killed a four-headed hydra
 18887 | D:13     | Reached XP level 13. HP: 111/124 MP: 20/25
 19173 | D:13     | Found a gate to the Vaults.
 20352 | D:14     | Noticed Louise
 20375 | D:14     | Killed Louise
 20829 | D:14     | Reached skill level 12 in Dodging
 21011 | D:14     | Noticed Roxanne
 21042 | D:14     | Killed from afar by Roxanne

Levels and vault maps discovered:
D:1:      minmay_arrival_loop, layout_basic, hex_medium
D:2:      layout_loops_ring, grunt_temple_overflow_open,
          uniq_crazy_yiuf_cottage, uniq_sigmund, uniq_natasha
D:3:      wander_river, layout_basic, zin_scriptorium, uniq_grinder
D:4:      layout_basic, elyvilon_altar_4
D:5:      layout_basic, first_ration
D:6:      layout_cave_pools, okawaru_trees_1, uniq_blork_the_orc, uniq_menkaure
D:7:      layout_rooms, minmay_temple_entry_drinking_statues,
          uniq_prince_ribbit1
D:8:      cheibrodos_iron_armory, layout_basic, david_nohive_1,
          serial_park_tiny_2, uniq_grum
D:9:      layout_basic, kennysheep_little_box, erik_lair_dragon,
          evilmike_ruin_ashenzari
D:10:     cheibrodos_steamvent, layout_cave_pools,
          chequers_serial_rivers_micro_e, minmay_st_funbox, uniq_harold
D:11:     layout_loops_ring, zombieorc2_lemuel
D:12:     layout_stronghold, kb_lookout_dungeons_type,
          minmay_hollow_rounded_squares, uniq_erolcha
D:13:     layout_rooms, david_vaults_2, lemuel_nasty_fountain
D:14:     layout_roguey, serial_bayou, serial_bayou_lake_a,
          serial_bayou_shore_a, serial_bayou_lagoon_a, serial_bayou_shore_b,
          uniq_roxanne, uniq_louise
Temple:   cyrus_circular_temple

Skill      XL: |  1  2  3  4  5  6  7  8  9 10 11 12 13 |
---------------+----------------------------------------+-----
Dodging        | 2 3 4 5 9 11 12 | 12.0
Unarmed Combat | 5 7 8 10 11 | 11.5
Fighting       | 2 3 4 5 10 | 10.4
Transmutations | 4 9 |  9.3
Spellcasting   | 4 8 |  8.6

Action                   |  1- 3 |  4- 6 |  7- 9 | 10-12 | 13-15 || total
-------------------------+-------+-------+-------+-------+-------++-------
Melee: Unarmed           |    94 |   146 |   513 |  1178 |   216 ||  2147
       Tailslap          |     5 |    11 |    45 |   126 |    30 ||   217
       Headbutt          |     4 |     5 |    16 |    15 |       ||    40
       Punch             |     1 |     2 |     6 |    47 |    12 ||    68
 Cast: Beastly Appendage |    15 |    12 |    17 |     8 |       ||    52
       Sticks to Snakes  |     4 |     3 |    28 |    55 |     9 ||    99
       Spider Form       |     1 |     4 |    15 |    34 |     1 ||    55
       Blade Hands       |       |       |       |    13 |    16 ||    29
       Ice Form          |       |       |       |     1 |       ||     1
Invok: Lunge             |       |       |     4 |    55 |    12 ||    71
       Whirlwind         |       |       |       |    59 |    10 ||    69
 Abil: Breathe Frost     |       |       |     2 |     8 |     1 ||    11
       Wall Jump         |       |       |       |       |     3 ||     3
Evoke: Wand              |       |       |       |     1 |       ||     1
  Use: Potion            |       |     1 |     9 |     4 |     1 ||    15
       Scroll            |       |       |     1 |    15 |     1 ||    17
 Stab: Sleeping          |       |       |     1 |       |       ||     1
       Distracted        |       |       |     2 |     3 |       ||     5
  Eat: Chunk             |     2 |     6 |    16 |    33 |     9 ||    66
       Ration            |       |       |     2 |     6 |     1 ||     9
Armor: Skin              |    32 |    36 |    98 |   158 |    17 ||   341
Dodge: Dodged            |    58 |   106 |   464 |  1212 |   149 ||  1989
Block: Other             |       |       |       |    18 |    23 ||    41
       Reflection        |       |       |       |     2 |     5 ||     7

Table legend:
 A = Non-vault XP
 B = Vault XP
 C = Vault XP percentage of total XP
 D = Non-vault monster count
 E = Vault monster count
 F = Vault count percentage of total count
                 A         B        C        D         E       F
            +---------+---------+-------+---------+---------+-------
      Total |   34665 |   14613 |  29.7 |     399 |     102 |  20.4
            +---------+---------+-------+---------+---------+-------
        D:1 |      40 |       0 |   0.0 |      21 |       0 |   0.0
        D:2 |      87 |     299 |  77.5 |      23 |       3 |  11.5
        D:3 |     278 |     253 |  47.6 |      32 |       1 |   3.0
        D:4 |     313 |       0 |   0.0 |      14 |       0 |   0.0
        D:5 |    1100 |       0 |   0.0 |      29 |       0 |   0.0
        D:6 |     955 |     234 |  19.7 |      31 |       2 |   6.1
        D:7 |    1202 |     263 |  18.0 |      28 |       1 |   3.4
        D:8 |    2709 |    1639 |  37.7 |      36 |      19 |  34.5
        D:9 |    2809 |    1726 |  38.1 |      32 |       9 |  22.0
       D:10 |    2152 |    1908 |  47.0 |      15 |      11 |  42.3
       D:11 |    7203 |     654 |   8.3 |      35 |      35 |  50.0
       D:12 |    6019 |    5872 |  49.4 |      47 |      19 |  28.8
       D:13 |    3368 |     148 |   4.2 |      28 |       1 |   3.4
       D:14 |    6430 |    1617 |  20.1 |      28 |       1 |   3.4
            +---------+---------+-------+---------+---------+-------
